 Dungeon Crawl Stone Soup version 0.23.0 (webtiles) character file.

Game seed: 980747885351081809

11592 Laan the Devastator (level 11, -4/54 HPs)
             Began as a Gargoyle Fire Elementalist on Feb 10, 2019.
             Was a Priest of Vehumet.
             Slain by a wyvern (5 damage)
             ... on level 1 of the Lair of Beasts.
             The game lasted 00:39:52 (13585 turns).

Laan the Devastator (Gargoyle Fire Elementalist)   Turns: 13585, Time: 00:39:52

Health: -4/54      AC: 15    Str: 12    XL:     11   Next: 80%
Magic:  1/25       EV: 12    Int: 19    God:    Vehumet [***...]
Gold:   601        SH:  0    Dex: 10    Spells: 17/30 levels left

rFire    . . .     SeeInvis .   G - staff of energy
rCold    . . .     Gourm    .   (no shield)
rNeg     + + .     Faith    .   z - +2 robe {rN+}
rPois    ∞         Spirit   .   (no helmet)
rElec    +         Reflect  .   (no cloak)
rCorr    .         Harm     .   B - +2 pair of gloves
MR       .....                  (no boots)
Stlth    ++........             C - amulet of regeneration
HPRegen  0.58/turn              (no ring)
MPRegen  0.19/turn              (no ring)

@: no status effects
A: negative energy resistance 1, electricity resistance, unbreathing,
petrification resistance, rot immunity, AC +8
a: Renounce Religion


You were on level 1 of the Lair of Beasts.
You worshipped Vehumet.
Vehumet was most pleased with you.
You were not hungry.

You visited 3 branches of the dungeon, and saw 12 of its levels.

You collected 809 gold pieces.
You spent 208 gold pieces at shops.

Inventory:

Hand Weapons
 o - a +0 flail of holy wrath
 p - a +2 short sword of speed
 D - the +2 hand axe of a Million Yaks {venom, rElec Str+4 Int-3 Dex+4, unknown}
   (You bought it in a shop on level 8 of the Dungeon)

   It poisons the flesh of those it strikes.
   It affects your strength (+4).
   It affects your intelligence (-3).
   It affects your dexterity (+4).
   It insulates you from electricity.
Armour
 z - a +2 robe of positive energy (worn)
 B - a +2 pair of gloves (worn)
Magical Staves
 x - an uncursed staff of cold
 G - an uncursed staff of energy (weapon)
Jewellery
 C - an amulet of regeneration (around neck)
Wands
 r - a wand of enslavement (1)
 F - a wand of flame (23)
Scrolls
 b - a scroll of enchant armour
 c - 4 scrolls of magic mapping {unknown}
 f - 7 scrolls of teleportation
 g - a scroll of blinking {unknown}
 h - 3 scrolls of remove curse
 n - 2 scrolls of fog {unknown}
 q - a scroll of amnesia {unknown}
 t - a scroll of random uselessness {unknown}
 y - a scroll of immolation {unknown}
Potions
 a - a potion of invisibility {unknown}
 d - 2 potions of berserk rage {unknown}
 e - 3 potions of ambrosia {unknown}
 i - a potion of magic {unknown}
 j - a potion of flight
 k - 3 potions of haste
 l - a potion of agility
 m - 2 potions of curing
 s - 3 potions of brilliance
 u - 2 potions of mutation {unknown}
 v - 4 potions of heal wounds {unknown}
 w - 3 potions of lignification {unknown}
Comestibles
 A - 10 rations
 E - 3 chunks of flesh


   Skills:
 - Level 1.5 Dodging
 - Level 2.1 Stealth
 + Level 10.0 Spellcasting
 * Level 15.5 Conjurations
 - Level 3.0 Fire Magic


You had 17 spell levels left.
You knew the following spells:

 Your Spells              Type           Power        Failure   Level  Hunger
a - Flame Tongue          Conj/Fire      #####        1%          1    None
b - Conjure Flame         Conj/Fire      #####...     1%          3    None
c - Sticky Flame          Conj/Fire      #####...     1%          4    None
d - Fireball              Conj/Fire      #####.....   1%          5    None

Your spell library contained the following spells:

 Spells                   Type           Power        Failure   Level  Hunger
 Ignite Poison            Fire/Tmut/Pois ##......     4%          3    None
 Throw Flame              Conj/Fire      #####.       1%          2    None
 Stone Arrow              Conj/Erth      #####.       1%          3    None
 Sandblast                Erth           #.....       2%          1    None
 Inner Flame              Hex/Fire       ###.....     3%          3    None
 Animate Skeleton         Necr           N/A          8%          1    None
 Pain                     Necr           #...         8%          1    None
 Passwall                 Tmut/Erth      #.......     11%         2    None
 Regeneration             Chrm/Necr      #.........   22%         3    None
 Vampiric Draining        Necr           #.........   22%         3    None
 Lee's Rapid Deconstruct  Erth           #.........   45%         5    None
 Animate Dead             Necr           N/A          58%         4    None
 Petrify                  Tmut/Erth      #.......     58%         4    None


Dungeon Overview and Level Annotations

Branches:
Dungeon (9/15)             Temple (1/1) D:7            Lair (2/6) D:9
  Swamp: Lair:2-4    Shoals: Lair:2-4     Snake: Lair:2-4    Spider: Lair:2-4
    Orc: D:9-12

Altars:
Ashenzari
Cheibriados
Dithmenos
Elyvilon
Fedhas
Gozag
Hepliaklqana
Kikubaaqudgha
Makhleb
Nemelex Xobeh
Okawaru
Qazlal
Ru
Sif Muna
Trog
Uskayaw
Vehumet
Wu Jian
Xom
Yredelemnul
Zin
The Shining One
Beogh

Shops:
D:8 (

Annotations:
D:2 Sigmund
D:5 2 transporters, error's ghost, amateur OpEE


Innate Abilities, Weirdness & Mutations

You are resistant to torment.
Your stone body is resilient. (AC +8)
You are immune to poison.
You resist negative energy. (rN+)
You are resistant to electric shocks. (rElec)
You can survive without breathing.
You are immune to petrification.
You are immune to rotting.


Message History

The wyvern bites you but does no damage.
There is a stone staircase leading up here.
The wyvern bites you! The elephant tramples you!
* * * LOW HITPOINT WARNING * * *
You hold your ground!
The elephant completely misses you. The wyvern bites you.
* * * LOW HITPOINT WARNING * * *
You climb upwards.
There is a stone staircase leading down here.
Casting: Fireball (safe; 1% risk of failure)
Confirm with . or Enter, or press ? or * to list all spells.
Aiming: Sticky Flame (safe; 1% risk of failure)
Press: ? - help, Shift-Dir - straight line, f - elephant
Aim: an elephant (severely wounded)
The sticky flame hits the elephant.
The elephant is almost dead.
The elephant is covered in liquid flames!
The elephant burns!
The elephant tramples you.
* * * LOW HITPOINT WARNING * * *
You stumble backwards!
The wyvern bites you.
You die...

##..###PPPP# #..# #≈≈###
###.###### #####
..#.#.###########.#.#
.....###............##
...#.P##.............##
.....###..............#
.....###..............#
.....#..........@.....#
.....##........lY.....#
......#...............#
...#..#...............##
...##..................#
...###................##
.###
##...............### ##
#...............#.#
##...............##


You could see an elephant (burning) and a wyvern.

Vanquished Creatures
  A deep elf mage (D:8)
  4 elephants (Lair:2)
  A black mamba (Lair:1)
  3 komodo dragons
  A hornet (D:8)
  Grinder (D:5)
  A spriggan (D:8)
  7 yaks
  A wyvern (D:8)
  3 hungry ghosts
  Edmund (D:6)
  3 water moccasins (Lair:1)
  8 porcupines
  An orc warrior (D:9)
  An ice beast (D:7)
  A hornet zombie (D:8)
  2 black bears
  2 sky beasts (D:7)
  3 phantoms
  4 wolves
  A necrophage (D:9)
  5 ogres
  3 centaurs (D:9)
  4 crocodiles
  9 bullfrogs
  A wyvern zombie (D:7)
  5 scorpions
  11 killer bees
  3 wights
  3 howler monkeys
  A bullfrog zombie (D:5)
  A gnoll shaman (D:9)
  4 orc priests
  8 hounds
  2 jellies
  4 orc wizards
  A bullfrog skeleton (D:6)
  Jessica (D:2)
  2 iguanas
  10 worker ants
  2 killer bee zombies
  A hound zombie (D:9)
  A hound skeleton (D:4)
  A mummy (D:9)
  19 gnolls
  3 worker ant zombies
  9 adders
  4 shadow imps
  2 oozes
  An adder zombie (D:9)
  5 worms
  2 dart slugs
  12 leopard geckos
  32 orcs
  16 bats
  7 giant cockroaches
  11 goblins
  10 hobgoblins
  19 jackals
  10 kobolds
  A quokka (D:6)
  2 ball pythons
  6 frilled lizards
  A jackal skeleton (D:4)
  2 leopard gecko skeletons
  3 leopard gecko zombies
  3 quokka skeletons
  9 rats
322 creatures vanquished.

Vanquished Creatures (others)
  A gnoll (D:7)
  A quokka (D:6)
  4 fungi (D:9)
  2 plants (D:9)
8 creatures vanquished.

Grand Total: 330 creatures vanquished

Notes
Turn   | Place    | Note
-------+----------+-------------------------------------------
     0 | D:1      | Laan the Gargoyle Fire Elementalist began the quest for the
                  | Orb.
     0 | D:1      | Reached XP level 1. HP: 10/10 MP: 3/3
   231 | D:1      | Reached skill level 2 in Conjurations
   231 | D:1      | Reached XP level 2. HP: 15/15 MP: 1/5
   780 | D:1      | Reached XP level 3. HP: 19/19 MP: 3/6
  1181 | D:2      | Reached skill level 3 in Conjurations
  1457 | D:2      | Learned a level 3 spell: Conjure Flame
  1473 | D:2      | Noticed Sigmund
  1554 | D:2      | Found a stormy altar of Qazlal.
  1603 | D:2      | Reached XP level 4. HP: 24/24 MP: 2/8
  1669 | D:2      | Learned a level 4 spell: Sticky Flame
  2108 | D:2      | Noticed Jessica
  2111 | D:2      | Killed Jessica
  2111 | D:2      | Reached skill level 4 in Conjurations
  2316 | D:3      | Reached XP level 5. HP: 28/28 MP: 4/9
  3085 | D:3      | Reached skill level 5 in Conjurations
  3337 | D:3      | Reached XP level 6. HP: 27/32 MP: 6/11
  3514 | D:3      | Found a glowing golden altar of the Shining One.
  4055 | D:4      | Reached skill level 6 in Conjurations
  4235 | D:4      | Found a glowing silver altar of Zin.
  4416 | D:4      | Reached XP level 7. HP: 36/36 MP: 9/13
  4759 | D:4      | You fall through a shaft!
  4759 | D:5      | Entered Level 5 of the Dungeon
  4759 | D:5      | Found a transporter.
  4761 | D:5      | Noticed Grinder
  4778 | D:5      | Reached skill level 7 in Conjurations
  4786 | D:5      | Killed Grinder
  5044 | D:5      | Found a transporter.
  5047 | D:5      | Noticed error's ghost (amateur OpEE)
  5070 | D:5      | Got a crystal rapier
  5249 | D:5      | Reached XP level 8. HP: 41/41 MP: 10/15
  5381 | D:5      | Found a blossoming altar of Fedhas.
  5503 | D:6      | Reached skill level 5 in Spellcasting
  5503 | D:6      | Reached skill level 8 in Conjurations
  5536 | D:6      | Identified the +10 rapier of Righteous Fury {antimagic,
                  | +Inv rPois Str+7 Dex-4} (You found it on level 5 of the
                  | Dungeon)
  5545 | D:6      | Found a burning altar of Makhleb.
  5770 | D:6      | Noticed Edmund
  5779 | D:6      | Killed Edmund
  6062 | D:6      | Reached skill level 9 in Conjurations
  6219 | D:6      | Found a shadowy altar of Dithmenos.
  6496 | D:6      | Found a white marble altar of Elyvilon.
  6805 | D:7      | Reached XP level 9. HP: 37/45 MP: 9/18
  6876 | D:7      | Reached skill level 10 in Conjurations
  7410 | D:7      | Got a faintly glowing ring mail
  7448 | D:7      | Identified the cursed +0 ring mail of the Lute {rC+} (You
                  | found it on level 7 of the Dungeon)
  7655 | D:7      | Reached skill level 11 in Conjurations
  7846 | D:7      | Found a staircase to the Ecumenical Temple.
  7860 | Temple   | Entered the Ecumenical Temple
  7962 | Temple   | Became a worshipper of Vehumet
  8762 | D:8      | Found a shattered altar of Ashenzari.
  8810 | D:8      | Reached skill level 12 in Conjurations
  8810 | D:8      | Reached XP level 10. HP: 50/50 MP: 14/21
  9053 | D:8      | Noticed a deep elf mage
  9087 | D:8      | Killed a deep elf mage
  9302 | D:8      | Learned a level 5 spell: Fireball
  9877 | D:8      | Found Natuoc's Antique Weapon Shop.
  9885 | D:8      | Bought an ichor-stained hand axe for 208 gold pieces
 10044 | D:9      | Reached skill level 13 in Conjurations
 10298 | D:9      | Reached * piety under Vehumet
 10298 | D:9      | Offered knowledge of Sting by Vehumet.
 11017 | D:9      | Found a deep blue altar of Sif Muna.
 11060 | D:9      | Found a staircase to the Lair.
 11288 | D:9      | Offered knowledge of Freeze by Vehumet.
 11289 | D:9      | Reached ** piety under Vehumet
 11311 | D:9      | Reached skill level 14 in Conjurations
 11311 | D:9      | Reached XP level 11. HP: 54/54 MP: 4/23
 11427 | D:9      | Found a roughly hewn altar of Beogh.
 11507 | Lair:1   | Entered Level 1 of the Lair of Beasts
 11833 | Lair:1   | Found a dark tunnel.
 13153 | Lair:2   | Offered knowledge of Ignite Poison by Vehumet.
 13156 | Lair:2   | Reached skill level 15 in Conjurations
 13449 | Lair:1   | Reached *** piety under Vehumet
 13449 | Lair:1   | Reached skill level 10 in Spellcasting
 13585 | Lair:1   | HP: 1/54 [elephant (6)]
 13585 | Lair:1   | Slain by a wyvern

Skill      XL: |  1  2  3  4  5  6  7  8  9 10 11 |
---------------+----------------------------------+-----
Conjurations   | 2 3 4 5 6 7 9 12 14 15 | 15.5
Spellcasting   | 3 4 6 7 8 10 | 10.0
Dodging        | |  1.5
Stealth        | |  2.1
Fire Magic     | |  3.0

Action                   |  1- 3 |  4- 6 |  7- 9 | 10-12 || total
-------------------------+-------+-------+-------+-------++-------
Melee: Unarmed           |     6 |       |       |       ||     6
       Short sword       |     3 |    35 |     9 |     1 ||    48
       Staff             |       |       |       |     1 ||     1
 Cast: Flame Tongue      |    64 |   138 |   320 |   239 ||   761
       Sticky Flame      |       |     1 |     6 |    49 ||    56
       Conjure Flame     |       |       |     1 |     4 ||     5
       Fireball          |       |       |       |    15 ||    15
Evoke: Wand              |       |       |     3 |       ||     3
  Use: Potion            |       |     6 |       |     2 ||     8
       Scroll            |       |       |     6 |     1 ||     7
  Eat: Chunk             |     3 |     9 |    11 |    15 ||    38
       Ration            |       |       |     1 |       ||     1
Armor: Robe              |    11 |    31 |    48 |    73 ||   163
Dodge: Dodged            |    15 |    82 |    91 |   107 ||   295
